 Dungeon Crawl Stone Soup version 0.31-a0-220-gc2f4f3cf83 (webtiles) character file.

Game seed: 3173639487092289865

256 qw the Shooter (level 6, -1/37 HPs)
             Began as a Gargoyle Hexslinger on July 3, 2023.
             Slain by a scorpion (2 damage)
             ... on level 4 of the Dungeon.
             The game lasted 00:01:01 (2397 turns).

qw the Shooter (Gargoyle Hexslinger)                Turns: 2397, Time: 00:01:02

Health: -1/37      AC:  7    Str: 12    XL:     6   Next: 15%
Magic:  7/7        EV: 12    Int: 13    God:
Gold:   226        SH:  0    Dex: 14    Spells: 6/7 levels left

rFire   + . .        Y - +1 sling
rCold   + . .        (no shield)
rNeg    + . .        c - +0 robe
rPois   inf          (no helmet)
rElec   +            e - scarf {rC+ rF+}
rCorr   .            b - +0 pair of gloves
SInv    .            (no boots)
Will    .....        (no amulet)
Stlth   +            (no ring)
HPRegen 0.26/turn    (no ring)
MPRegen 0.10/turn

%: no passive effects
@: no status effects
A: sickness immunity, AC +4, negative energy resistance 1, electricity
resistance, torment resistance 1, petrification resistance
a: no special abilities


You were on level 4 of the Dungeon.
You visited 1 branch of the dungeon, and saw 4 of its levels.

You collected 226 gold pieces.


Innate Abilities, Weirdness & Mutations

You are immune to sickness and miasma.
Your stone body is resilient. (AC +4)
You are immune to poison.
You resist negative energy. (rN+)
You are resistant to electric shocks. (rElec)
You are resistant to unholy torment.
You are immune to petrification.


   Skills:
 - Level 3.2 Fighting
 + Level 5.5 Ranged Weapons
 - Level 1.5 Dodging
 - Level 1.0 Spellcasting
 - Level 2.6 Hexes


You had 6 spell levels left.
You knew the following spells:

 Your Spells              Type           Power      Damage    Failure   Level
a - Slow                  Hex            28%        N/A       10%         1

Your spell library contained the following spells:

 Spells                   Type           Power      Damage    Failure   Level
 Inner Flame              Hex/Fire       4%         N/A       43%         3
 Portal Projectile        Hex/Tloc       8%         N/A       43%         3
 Cause Fear               Hex            3%         N/A       67%         4

Inventory:

Hand Weapons
 Y - a +1 sling (weapon)
Armour
 b - a +0 pair of gloves (worn)
 c - a +0 robe (worn)
 e - a scarf of resistance (worn)
 h - a +0 ring mail
Scrolls
 a - 4 scrolls of identify
Potions
 f - a potion of resistance
 g - 2 potions of enlightenment
 i - a potion of curing
 j - a potion of haste {unknown}
 k - a potion of berserk rage {unknown}

Dungeon Overview and Level Annotations

Branches:
Dungeon (4/15)
 Temple: D:4-7

Altars:


Message History

You shoot a sling bullet.
The sling bullet hits the scorpion but does no damage.
The scorpion is moderately wounded.
The scorpion closely misses you.
You shoot a sling bullet. The sling bullet hits the scorpion.
The scorpion is moderately wounded.
The scorpion stings you.
You shoot a sling bullet.
The sling bullet barely misses the scorpion.
The scorpion stings you. x2
You shoot a sling bullet.
The sling bullet hits the scorpion but does no damage.
The scorpion is moderately wounded.
The scorpion stings you.
You shoot a sling bullet.
The sling bullet barely misses the scorpion.
The scorpion stings you. x2
You shoot a sling bullet. The sling bullet hits the scorpion.
The scorpion is heavily wounded.
The scorpion stings you.
You shoot a sling bullet.
The sling bullet closely misses the scorpion.
The scorpion stings you but does no damage.
You shoot a sling bullet.
The sling bullet barely misses the scorpion.
The scorpion stings you.
You shoot a sling bullet. The sling bullet hits the scorpion.
The scorpion is heavily wounded.
The scorpion stings you.
The scorpion stings you but does no damage.
You shoot a sling bullet. The sling bullet hits the scorpion.
The scorpion is severely wounded.
The scorpion stings you.
You shoot a sling bullet.
The sling bullet closely misses the scorpion.
The scorpion stings you.
You shoot a sling bullet.
The sling bullet barely misses the scorpion.
The scorpion stings you. x2
You die... ... #..## ... #..# .<.. #..# ....s #..# .go# #..# og#

#..#
#.#####..#
##s......#
##@#####.##
#........#
#.#########
#.# ##


You could see a scorpion.

Vanquished Creatures
  A scorpion (D:4)
  A hound (D:3)
  An orc wizard (D:4)
  4 gnolls
  3 adders
  A worm (D:2)
  3 dart slugs
  4 orcs
  A bat (D:3)
  10 endoplasms
  4 giant cockroaches
  7 goblins
  3 hobgoblins (D:3)
  A quokka (D:3)
  6 ball pythons
  6 frilled lizards
  3 kobolds
  7 rats
66 creatures vanquished.

Notes
Turn   | Place    | Note
-------+----------+-------------------------------------------
     0 | D:1      | qw the Gargoyle Hexslinger began the quest for the Orb.
     0 | D:1      | Reached XP level 1. HP: 12/12 MP: 2/2
     0 | D:1      | 0 ||| qw: Version: 0.3-a-40-ge99b1a8
     0 | D:1      | 0 ||| qw: Game counter: 453
     0 | D:1      | 0 ||| qw: Melee chars always use a shield: true
     0 | D:1      | 0 ||| qw: God list: Okawaru
     0 | D:1      | 0 ||| qw: Allow faded altars: false
     0 | D:1      | 0 ||| qw: Do Orc after clearing Dungeon:15 true
     0 | D:1      | 0 ||| qw: Do second Lair branch before Depths: true
     0 | D:1      | 0 ||| qw: Lair rune preference: random
     0 | D:1      | 0 ||| qw: Goals: Normal
     0 | D:1      | 0 ||| PLANNING D:1-11
   100 | D:1      | Found a faded altar of an unknown god.
   148 | D:1      | Reached XP level 2. HP: 16/16 MP: 3/3
   522 | D:1      | 522 ||| UPGRADING to scarf of resistance.
   527 | D:1      | 527 ||| READING 4 scrolls labelled VAIHEV YNYOMI.
   528 | D:1      | 528 ||| READING scroll labelled FAPIET DIUWN.
   529 | D:1      | 529 ||| READING 3 scrolls of identify.
   529 | D:1      | 529 ||| IDENTIFYING golden potion
   530 | D:1      | 530 ||| DROPPING scroll of poison.
   576 | D:2      | Reached skill level 3 in Ranged Weapons
   667 | D:2      | Reached XP level 3. HP: 21/21 MP: 4/4
  1044 | D:2      | 1044 ||| UPGRADING to +0 pair of gloves.
  1049 | D:2      | 1049 ||| READING scroll labelled DIBIUSKOTRORI.
  1054 | D:2      | 1054 ||| READING scroll labelled UPSENGEWIO.
  1268 | D:3      | Reached XP level 4. HP: 26/26 MP: 5/5
  1277 | D:3      | Reached skill level 4 in Ranged Weapons
  1566 | D:3      | Reached XP level 5. HP: 27/30 MP: 6/6
  1786 | D:3      | 1786 ||| FLEEEEING.
  1935 | D:3      | 1935 ||| READING scroll labelled FOLO CYRIVVAPA.
  1936 | D:3      | 1936 ||| READING scroll labelled BUQIENTUGOL.
  1937 | D:3      | 1937 ||| READING 4 scrolls of identify.
  1937 | D:3      | 1937 ||| IDENTIFYING sapphire potion
  1938 | D:3      | 1938 ||| READING 3 scrolls of identify.
  1938 | D:3      | 1938 ||| IDENTIFYING grey potion
  1939 | D:3      | 1939 ||| READING 2 scrolls of identify.
  1939 | D:3      | 1939 ||| IDENTIFYING green potion
  2002 | D:4      | Reached skill level 5 in Ranged Weapons
  2010 | D:4      | Identified the +1 buckler of the Shore {-Tele rC+ Int+3}
  2345 | D:4      | 2345 ||| Stepping ~*~*~tactically~*~*~ (outnumbered).
  2355 | D:4      | 2355 ||| Stepping ~*~*~tactically~*~*~ (outnumbered).
  2366 | D:4      | HP: 6/31 [gnoll/+0 spear (2)]
  2367 | D:4      | 2367 ||| DRINKING potion of heal wounds.
  2370 | D:4      | Reached XP level 6. HP: 36/36 MP: 7/7
  2378 | D:4      | Reached skill level 3 in Fighting
  2394 | D:4      | HP: 7/37 [scorpion (5)]
  2395 | D:4      | HP: 3/37 [scorpion (4)]
  2397 | D:4      | HP: 1/37 [scorpion (1)]
  2397 | D:4      | Slain by a scorpion

Levels and vault maps discovered:
D:1:      dpeg_arrival_rhombus, layout_loops_cross,
          hellmonk_ecumenical_altar_crossroads, nicolae_kite_square_tiling_tiny,
          minmay_box_of_dots
D:2:      layout_rooms
D:3:      layout_basic, minmay_misc_feat_diagonals, corexii_hall_statues_x,
          minmay_close_crescents
D:4:      layout_loops_ring, nicolae_overflow_squiral, uniq_blork_the_orc

Skill      XL: |  1  2  3  4  5  6 |
---------------+-------------------+-----
Ranged Weapons | 3 4 5 |  5.5
Fighting       | 2 3 |  3.2
Dodging        | |  1.5
Spellcasting   | |  1.0
Hexes          | |  2.6

Action                     |  1- 3 |  4- 6 || total
---------------------------+-------+-------++-------
   Fire: Sling             |   111 |   132 ||   243
    Use: Scroll            |     5 |     5 ||    10
         Potion            |       |     1 ||     1
 Armour: Robe              |    14 |    22 ||    36
  Dodge: Dodged            |    27 |    45 ||    72

Table legend:
 A = Non-vault XP
 B = Vault XP
 C = Vault XP percentage of total XP
 D = Non-vault monster count
 E = Vault monster count
 F = Vault count percentage of total count
                 A         B        C        D         E       F
            +---------+---------+-------+---------+---------+-------
      Total |     360 |       6 |   1.6 |      61 |       5 |   7.6
            +---------+---------+-------+---------+---------+-------
        D:1 |      14 |       3 |  17.6 |       8 |       3 |  27.3
        D:2 |      40 |       0 |   0.0 |      16 |       0 |   0.0
        D:3 |     125 |       3 |   2.3 |      24 |       2 |   7.7
        D:4 |     181 |       0 |   0.0 |      13 |       0 |   0.0
            +---------+---------+-------+---------+---------+-------
